 Dungeon Crawl Stone Soup version 0.30-a0-1075-gcd70e7a56d (webtiles) character file.

Game seed: 2235275755105485077

4936 funkygono the Arsonist (level 10, -5/51 HPs)
             Began as a Gargoyle Fire Elementalist on Apr 14, 2023.
             Was a Believer of Vehumet.
             Killed from afar by an orc wizard (9 damage)
             ... with a magic dart
             ... on level 9 of the Dungeon.
             The game lasted 00:17:41 (8320 turns).

funkygono the Arsonist (Gargoyle Fire Elementalist) Turns: 8320, Time: 00:17:42

Health: -5/51      AC: 20    Str: 11    XL:     10   Next: 52%
Magic:  18/22      EV: 12    Int: 21    God:    Vehumet [**....]
Gold:   604        SH:  0    Dex: 10    Spells: 7/26 levels left

rFire   . . .      SeeInvis .    b - +5 flail (protect)
rCold   + . .      Faith    .    (no shield)
rNeg    + . .      Spirit   .    h - +3 leather armour {rC+}
rPois   ∞          Reflect  .    f - +0 hat
rElec   +          Rampage  .    z - +1 cloak
rCorr   .                        v - +1 pair of gloves
Will    .....                    r - +2 pair of boots
Stlth   ++                       d - amulet of magic regeneration
HPRegen 0.28/turn                (no ring)
MPRegen 0.58/turn                (no ring)

@: no status effects
A: sickness immunity, AC +7, negative energy resistance 1, electricity
resistance, torment resistance 1, petrification resistance
a: Renounce Religion


You were on level 9 of the Dungeon.
You worshipped Vehumet.
Vehumet was pleased with you.
You visited 1 branch of the dungeon, and saw 9 of its levels.
You also visited: Sewer.

You collected 604 gold pieces.

Inventory:

Hand Weapons
 b - a +5 flail of protection (weapon)
Armour
 a - a +0 robe
 f - a +0 hat (worn)
 h - a +3 leather armour of cold resistance (worn)
 r - a +2 pair of boots (worn)
 v - a +1 pair of gloves (worn)
 z - a +1 cloak (worn)
Jewellery
 d - an amulet of magic regeneration (around neck)
Wands
 u - a wand of mindburst (14)
 x - a wand of charming (10)
Scrolls
 e - 2 scrolls of fog
 i - 5 scrolls of teleportation
 j - a scroll of fear
 n - a scroll of magic mapping
 p - 2 scrolls of poison
 s - 2 scrolls of identify
 w - 2 scrolls of blinking
Potions
 c - 8 potions of curing
 g - 3 potions of invisibility
 k - 2 potions of mutation
 l - a potion of ambrosia
 m - 2 potions of haste
 o - 6 potions of heal wounds
 q - a potion of lignification
 t - a potion of brilliance
 A - 2 potions of might


   Skills:
 + Level 0.6 Fighting
 + Level 1.2 Maces & Flails
 + Level 2.6 Armour
 + Level 3.9 Dodging
 + Level 3.8 Stealth
 + Level 8.7 Spellcasting
 + Level 6.8 Conjurations
 + Level 9.0 Fire Magic
 + Level 0.2 Evocations


You had 7 spell levels left.
You knew the following spells:

 Your Spells              Type           Power      Damage    Failure   Level
a - Foxfire               Conj/Fire      100%       2x1d9     1%          1
b - Scorch                Fire           94%        2d8       1%          2
c - Volatile Blastmotes   Fire/Tloc      56%        2d14      4%          3
d - Flame Wave            Conj/Fire      42%        2d11      3%          4
e - Starburst             Conj/Fire      21%        6d7       50%         6
f - Stone Arrow           Conj/Erth      46%        3d9       7%          3

Your spell library contained the following spells:

 Spells                   Type           Power      Damage    Failure   Level
 Shock                    Conj/Air       92%        1d8       2%          1
 Inner Flame              Hex/Fire       28%        N/A       4%          3
 Dazzling Flash           Conj/Hex       46%        N/A       7%          3
 Beastly Appendage        Tmut           18%        N/A       10%         1
 Sting                    Tmut/Pois      36%        1d4       10%         1
 Poisonous Vapours        Pois/Air       18%        N/A       14%         2
 Wereblood                Tmut           9%         N/A       14%         2
 Iskenderun's Mystic Bla  Conj/Tloc      23%        2d6       24%         4
 Spider Form              Tmut/Pois      9%         N/A       28%         3
 Summon Guardian Golem    Hex/Summ       9%         N/A       28%         3
 Swiftness                Air            9%         N/A       28%         3
 Airstrike                Air            4%         2d(1-17)  67%         4
 Animate Dead             Necr           9%         N/A       67%         4
 Olgreb's Toxic Radiance  Pois           9%         N/A       67%         4
 Summon Ice Beast         Ice/Summ       9%         N/A       67%         4
 Borgnjor's Vile Clutch   Necr/Erth      4%         N/A       95%         5
 Summon Forest            Summ/Tloc      4%         N/A       95%         5
 Orb of Destruction       Conj           18%        9d8       99%         7
 Death Channel            Necr           4%         N/A       100%        6
 Monstrous Menagerie      Summ           4%         N/A       100%        7
 Spellforged Servitor     Conj/Summ      11%        N/A       100%        7
 Summon Hydra             Summ           4%         N/A       100%        7
 Sublimation of Blood     Necr           Unusable   N/A       N/A         2

Dungeon Overview and Level Annotations

Branches:
Dungeon (9/15)             Temple (0/1) D:7           Sewer (visited)
   Lair: D:8-11         Orc: D:9-12

Altars:
Dithmenos
Elyvilon
Gozag
Makhleb
Nemelex Xobeh
Sif Muna
Vehumet
Xom
Yredelemnul


Innate Abilities, Weirdness & Mutations

You are immune to sickness and miasma.
Your stone body is resilient. (AC +7)
You are immune to poison.
You resist negative energy. (rN+)
You are resistant to electric shocks. (rElec)
You are resistant to unholy torment.
You are immune to petrification.


Message History

Confirm with . or Enter, or press ? or * to list all spells.
Flames lash the orc priest.
You kill the orc priest!
Vehumet accepts your kill.
You feel your power returning.
The orc wizard gestures wildly while chanting.
The orc wizard flickers and vanishes!
Deactivating autopickup; reactivate with Ctrl-A.
The orc priest invokes the aid of Beogh against you.
Beogh smites you!
The foxfire hits the orc priest but does no damage.
The foxfire hits the orc priest!
The orc priest is heavily wounded.
The orc priest mumbles some strange prayers to Beogh against you.
Beogh smites you!
Casting: Scorch (safe; 1% risk of failure)
Confirm with . or Enter, or press ? or * to list all spells.
You conjure some foxfire!
Casting: Foxfire (safe; 1% risk of failure)
Confirm with . or Enter, or press ? or * to list all spells.
You conjure some foxfire!
The foxfire hits the orc priest.
The orc priest is severely wounded.
Casting: Foxfire (safe; 1% risk of failure)
Confirm with . or Enter, or press ? or * to list all spells.
You conjure some foxfire!
The foxfire hits the orc priest.
The orc priest is severely wounded.
The foxfire hits the orc priest.
The orc priest is almost dead.
The orc priest calls down the wrath of Beogh upon you.
Beogh smites you!
* * * LOW HITPOINT WARNING * * *
Casting: Foxfire (safe; 1% risk of failure)
Confirm with . or Enter, or press ? or * to list all spells.
Flames lash the orc priest.
You kill the orc priest!
Vehumet accepts your kill.
You feel your power returning.
The foxfire hits something.
A magic dart appears from out of thin air!
The magic dart hits you!
You die...

#. . .. .. ##{ .### ##..
...##.{) #..§.)###
###########.##§..##..
#.........(..§§......
#.#######...§@§......
####.#.....#....§§.####.
...#.#.....#.......#
.....#.._..'.......#
##.#.#.....#.......#
#.#.#.....#.......#
##...#######.......#
...................#
######..#..........#


There were no monsters in sight!

Vanquished Creatures
  A hornet (D:8)
  A vampire (D:6)
  3 yaks (D:9)
  2 steam dragons
  Edmund (D:5)
  An orc warrior (D:7)
  4 ice beasts
  2 sky beasts (D:6)
  A black bear (D:6)
  An ogre (D:4)
  3 centaurs
  2 kobold brigands (D:8)
  Blork the orc (D:5)
  2 bullfrogs (D:8)
  A gnoll sergeant (D:7)
  A scorpion (D:4)
  14 wights
  8 killer bees
  A howler monkey (D:4)
  6 crimson imps
  4 hounds
  2 jellies
  4 orc priests
  A sleepcap (D:4)
  3 iguanas
  9 orc wizards
  12 adders
  11 gnolls
  2 river rats (Sewer)
  6 white imps
  5 worms
  A dart slug (D:1)
  22 orcs
  3 endoplasms
  7 giant cockroaches
  6 hobgoblins
  3 quokkas
  13 ball pythons
  4 bats
  A frilled lizard (D:1)
  6 goblins
  11 kobolds
  2 rats
194 creatures vanquished.

Vanquished Creatures (others)
  A crimson imp (D:7)
  693 foxfires
  3 plants (D:7)
697 creatures vanquished.

Grand Total: 891 creatures vanquished

Notes
Turn   | Place    | Note
-------+----------+-------------------------------------------
     0 | D:1      | funkygono the Gargoyle Fire Elementalist began the quest
                  | for the Orb.
     0 | D:1      | Reached XP level 1. HP: 10/10 MP: 3/3
   214 | D:1      | Reached XP level 2. HP: 15/15 MP: 1/5
   267 | D:1      | Learned a level 2 spell: Scorch
   974 | D:2      | Reached XP level 3. HP: 13/19 MP: 1/6
   978 | D:2      | Learned a level 3 spell: Volatile Blastmotes
  1663 | D:3      | Reached XP level 4. HP: 24/24 MP: 2/8
  1676 | D:3      | Reached skill level 4 in Fire Magic
  1939 | D:3      | Reached XP level 5. HP: 28/28 MP: 7/9
  1967 | D:3      | Learned a level 4 spell: Flame Wave
  1995 | D:3      | Found a shimmering blue altar of Sif Muna.
  2199 | D:3      | Found a white marble altar of Elyvilon.
  2428 | D:4      | Found a shimmering altar of Xom.
  2428 | D:4      | Found a shimmering altar of Xom.
  2429 | D:4      | Found a shimmering altar of Xom.
  2431 | D:4      | Found a shimmering altar of Xom.
  2431 | D:4      | Found a shimmering altar of Xom.
  2440 | D:4      | Found a shimmering altar of Xom.
  2441 | D:4      | Found a shimmering altar of Xom.
  2442 | D:4      | Found a shimmering altar of Xom.
  2499 | D:4      | Noticed an ogre
  2510 | D:4      | Killed an ogre
  2511 | D:4      | Reached XP level 6. HP: 16/32 MP: 3/11
  2650 | D:4      | Reached skill level 5 in Fire Magic
  2863 | D:4      | Found a shadowy altar of Dithmenos.
  3254 | D:5      | Entered Level 5 of the Dungeon
  3309 | D:5      | Reached XP level 7. HP: 23/36 MP: 4/13
  3658 | D:5      | Found a basalt altar of Yredelemnul.
  3685 | D:5      | Noticed Blork the orc
  3693 | D:5      | Killed Blork the orc
  3693 | D:5      | Noticed Edmund
  3694 | D:5      | Reached skill level 6 in Fire Magic
  3706 | D:5      | Killed Edmund
  3707 | D:5      | Reached skill level 5 in Spellcasting
  3782 | D:5      | Reached XP level 8. HP: 41/41 MP: 13/15
  4366 | D:5      | Found a sparkling altar of Nemelex Xobeh.
  4368 | D:5      | Found a radiant altar of Vehumet.
  4377 | D:5      | Became a worshipper of Vehumet
  4382 | D:5      | Found a burning altar of Makhleb.
  4724 | D:6      | Found a glowing drain.
  4736 | Sewer    | Entered a sewer
  5235 | D:6      | Reached skill level 7 in Fire Magic
  5292 | D:6      | Reached skill level 5 in Conjurations
  5295 | D:6      | Noticed a vampire
  5298 | D:6      | You fall into a shaft and drop 2 floors!
  5553 | D:7      | Reached * piety under Vehumet
  5553 | D:7      | Offered knowledge of Shock by Vehumet.
  5554 | D:7      | Reached XP level 9. HP: 41/45 MP: 9/19
  5673 | D:6      | Learned a level 6 spell: Starburst
  5719 | D:6      | Got Sif Muna's Atlas of Leadership
  5793 | D:6      | Reached skill level 1 in Maces & Flails
  6651 | D:7      | Reached skill level 8 in Fire Magic
  6843 | D:7      | Found a staircase to the Ecumenical Temple.
  6926 | D:7      | Reached ** piety under Vehumet
  6932 | D:7      | Offered knowledge of Momentum Strike by Vehumet.
  7027 | D:7      | Identified the +1 ring mail of Imperfection {rElec}
  7595 | D:8      | Reached skill level 1 in Armour
  7604 | D:8      | Reached XP level 10. HP: 48/51 MP: 14/21
  7769 | D:8      | Offered knowledge of Stone Arrow by Vehumet.
  8130 | D:8      | Learned a level 3 spell: Stone Arrow
  8237 | D:9      | Found an opulent altar of Gozag.
  8313 | D:9      | Reached skill level 9 in Fire Magic
  8320 | D:9      | Killed from afar by an orc wizard

Illustrated notes

Levels and vault maps discovered:
D:1:      dpeg_arrival_rhombus, layout_basic, corner_web_ring
D:2:      layout_loops_cross, serial_glass, glass_columns_c, glass_columns_b,
          hex_medium, nicolae_eternal_life
D:3:      layout_basic, nicolae_overflow_crystal_walls,
          mainiacjoe_overflow_concentric_impassable
D:4:      layout_basic, xom_redecorated, kennysheep_mini_moat
D:5:      layout_layer_cave, minmay_overflow_temple_star_quad,
          overflow_temple_1_default, minmay_misc_feat_ornament, st_stairs_4,
          uniq_blork_the_orc, uniq_edmund
D:6:      layout_loops_ring, cheibrodos_sewer_entry_drain,
          chequers_serial_rivers_micro_a
D:7:      layout_basic, minmay_temple_entry_gardened_gates, minmay_nine_imps
D:8:      layout_layer_cave, minmay_fractal_squares_diagonal_5
D:9:      layout_rooms, amcnicky_altar_gilded, nicolae_inconvenience_store

Skill      XL: |  1  2  3  4  5  6  7  8  9 10 |
---------------+-------------------------------+-----
Conjurations   | 2 3 4 5 6 |  6.8
Spellcasting   | 3 4 5 6 7 8 |  8.7
Fire Magic     | 4 5 6 7 8 9 |  9.0
Dodging        | 2 3 |  3.9
Stealth        | 3 |  3.8
Maces & Flails | 1 |  1.2
Armour         | 1 2 |  2.6
Fighting       | |  0.6
Evocations     | |  0.2

Action                     |  1- 3 |  4- 6 |  7- 9 | 10-12 || total
---------------------------+-------+-------+-------+-------++-------
  Melee: Club              |       |     6 |       |       ||     6
         Flail             |       |       |    49 |     1 ||    50
   Cast: Foxfire           |    54 |    85 |   211 |    51 ||   401
         Scorch            |    11 |    22 |    53 |    17 ||   103
         Flame Wave        |       |       |     3 |     3 ||     6
  Evoke: Wand              |       |       |    10 |       ||    10
    Use: Scroll            |       |    13 |    14 |     1 ||    28
         Potion            |       |       |     2 |       ||     2
 Armour: Robe              |     6 |     8 |    55 |       ||    69
         Leather armour    |       |       |    44 |    14 ||    58
  Dodge: Dodged            |    16 |    12 |    99 |    13 ||   140

Table legend: (Time is in decaauts)
 A = Elapsed time spent in this place.
 B = Non-inter-level travel time spent in this place.
 C = Inter-level travel time spent in this place.
 D = Time resting spent in this place.
 E = Time spent auto-exploring this place.
 F = Levels seen in this place.
 G = Mean time per level.
                   A        B        C        D        E       F      G
               +--------+--------+--------+--------+--------+-----+--------+
         Total |   8473 |   8129 |    344 |    208 |   6461 |  10 |  847.3 |
       Dungeon |   7890 |   7546 |    344 |    208 |   6054 |   9 |  876.7 |
         Sewer |    583 |    583 |      0 |      0 |    407 |   1 |  583.0 |
               +--------+--------+--------+--------+--------+-----+--------+

Top non-repeatable levels by time:
     D:5: 1433 daAuts
     D:6: 1155 daAuts
     D:8: 1005 daAuts
     D:4: 901 daAuts
     D:1: 861 daAuts
     D:7: 823 daAuts
     D:2: 789 daAuts
     D:3: 777 daAuts
   Sewer: 583 daAuts
     D:9: 142 daAuts
